 Dungeon Crawl Stone Soup version 0.26.1-2-gb8aa6d0cf2 (webtiles) character file.

Game seed: 9357122336201983189

3642 DasRunzen the Conjurer (level 9, -4/72 HPs)
             Began as a Demigod Conjurer on Feb 8, 2021.
             Killed from afar by an electric eel (11 damage)
             ... with a bolt of electricity
             ... in a bailey.
             The game lasted 00:19:30 (6412 turns).

DasRunzen the Conjurer (Demigod Conjurer)           Turns: 6412, Time: 00:19:30

Health: -4/72      AC: -8    Str: 16    XL:     9   Next: 57%
Magic:  1/19       EV: 19    Int: 28    God:
Gold:   378        SH:  0    Dex: 14    Spells: 6/17 levels left

rFire    . . .     SeeInvis .   C - +4 dagger (venom)
rCold    . . .     Faith    .   (no shield)
rNeg     . . .     Spirit   .   h - +2 robe {Will+}
rPois    .         Reflect  .   g - +2 helmet
rElec    .         Harm     .   r - +0 cloak
rCorr    .         Rampage  .   E - +0 pair of gloves (curse)
Will     +....                  i - +0 pair of boots
Stlth    +.........             (no amulet)
HPRegen  0.22/turn              k - +6 ring of intelligence
MPRegen  0.16/turn              s - +4 ring of evasion

@: corroded, very slow
A: high mp 1
a: no special abilities


You were in a bailey.
You visited 1 branch of the dungeon, and saw 7 of its levels.
You also visited: Bailey.

You collected 378 gold pieces.

Inventory:

Hand Weapons
 C - a +4 dagger of venom (weapon)
Armour
 g - a +2 helmet (worn)
 h - a +2 robe of willpower (worn)
 i - a +0 pair of boots (worn)
 r - a +0 cloak (worn)
 y - the +18 shield of the Gong {rElec rN+ Will+ EV-5}
   (You found it on level 6 of the Dungeon)

   It affects your evasion (-5).
   It insulates you from electricity.
   It protects you from negative energy.
   It affects your willpower, your defense against some magical effects.
 E - a cursed +0 pair of gloves (worn)
Jewellery
 j - an uncursed ring of positive energy
 k - a +6 ring of intelligence (left hand)
 s - a +4 ring of evasion (right hand)
 x - a cursed ring of teleportation {unknown}
 B - an uncursed ring of resist corrosion {unknown}
Wands
 a - a wand of enslavement (12)
 A - a wand of flame (10)
 D - a wand of digging (4)
Scrolls
 e - 5 scrolls of remove curse
 f - 6 scrolls of teleportation
 m - a scroll of magic mapping
 t - 2 scrolls of amnesia
Potions
 c - 3 potions of might
 d - a potion of brilliance
 l - 2 potions of magic
 n - a potion of resistance
 o - 3 potions of curing
 p - 3 potions of ambrosia {unknown}
 q - a potion of lignification {unknown}
 u - a potion of mutation {unknown}
 v - a potion of cancellation {unknown}
 w - a potion of berserk rage {unknown}
 z - a potion of haste {unknown}


   Skills:
 + Level 4.3 Fighting
 + Level 4.5 Armour
 + Level 4.9 Dodging
 - Level 1.7 Stealth
 + Level 2.1 Shields
 + Level 4.7 Spellcasting
 + Level 6.0 Conjurations
 + Level 4.3 Translocations
 + Level 2.9 Fire Magic
 + Level 2.8 Air Magic
 + Level 2.8 Poison Magic


You had 6 spell levels left.
You knew the following spells:

 Your Spells              Type           Power        Failure   Level
a - Magic Dart            Conj           100%         1%          1
b - Searing Ray           Conj           80%          1%          2
c - Blink                 Tloc           N/A          1%          2
d - Mephitic Cloud        Conj/Pois/Air  28%          4%          3
e - Conjure Flame         Conj/Fire      31%          3%          3

Your spell library contained the following spells:

 Spells                   Type           Power        Failure   Level
 Dazzling Flash           Conj/Hex       46%          6%          3
 Iskenderun's Mystic Bla  Conj/Tloc      35%          9%          4
 Call Imp                 Summ           6%           11%         2
 Slow                     Hex            6%           11%         2
 Fulminant Prism          Conj/Hex       11%          21%         4


Dungeon Overview and Level Annotations

Branches:
Dungeon (7/15)             Temple (0/1) D:4          Bailey (1/1)

Annotations:
D:5 3 runed translucent doors, kelmiir's ghost, novice GnWn


Innate Abilities, Weirdness & Mutations

You have an increased reservoir of magic. (+10% MP)


Message History

The electric eel is severely wounded. (Press . to maintain the ray.)
The electric eel shoots out a bolt of lightning at you!
The bolt of electricity hits you!
* * * LOW HITPOINT WARNING * * *
The searing ray misses the electric eel.
The searing ray hits the electric eel.
The electric eel is almost dead.
The electric eel shoots out a bolt of lightning at you!
The bolt of electricity misses you.
You feel better.
The electric eel shoots out a bolt of lightning at you!
The bolt of electricity hits you!
* * * LOW HITPOINT WARNING * * *
Unknown command.
You closely miss the electric eel.
The electric eel is almost dead.
The electric eel shoots out a bolt of lightning at you!
The bolt of electricity hits you!
You die...

####++#.≈≈≈≈≈......#
#.....#.≈≈≈≈≈......### #Kg..
#..)).'.).......)....# #._.o
#..⌠..'..........∩..∩# #
#.o.o #.....)).............#
..#...o
#...o.#K≈≈≈≈≈......###
..#....#####''#.≈≈≈≈≈......#
..#....#...)..#.≈;≈≈≈.######
#....#......#.@≈≈≈≈≈#
#.......######≈≈≈≈≈#
+.8.8.8.# #≈≈≈≈≈# #.......#
#≈≈≈≈≈# #+####### #≈≈≈≈≈#
#≈≈≈≈≈# #≈≈≈≈≈# ≈≈≈≈≈#


You could see a kobold demonologist and an electric eel.

Vanquished Creatures
  A two-headed ogre (D:3)
  An orc high priest (Bailey)
  An orc knight (Bailey)
  Prince Ribbit (D:7)
  Sigmund (D:5)
  Menkaure (D:5)
  Duvessa (D:6)
  2 orc warriors (Bailey)
  A necrophage (D:7)
  An ogre (D:5)
  A centaur (D:7)
  Dowan (D:6)
  An electric eel (Bailey)
  2 bullfrog zombies (D:5)
  A bullfrog skeleton (D:5)
  5 hounds
  3 orc priests
  An iguana (D:5)
  8 orc wizards
  A worker ant (D:5)
  5 gnolls
  12 adders
  2 shadow imps
  2 white imps
  2 oozes
  An adder skeleton (D:3)
  2 worms
  3 dart slugs
  2 leopard geckos
  20 orcs
  A ball python (D:2)
  6 giant cockroaches
  13 goblins
  11 hobgoblins
  2 jackals (D:4)
  10 kobolds
  2 quokkas
  13 bats
  A giant cockroach zombie (D:5)
  7 rats
152 creatures vanquished.

Vanquished Creatures (others)
  2 plants (D:2)
2 creatures vanquished.

Grand Total: 154 creatures vanquished

Notes
Turn   | Place    | Note
-------+----------+-------------------------------------------
     0 | D:1      | DasRunzen the Demigod Conjurer began the quest for the Orb.
     0 | D:1      | Reached XP level 1. HP: 14/14 MP: 5/5
   338 | D:1      | Reached XP level 2. HP: 22/22 MP: 4/7
   341 | D:1      | Learned a level 2 spell: Searing Ray
  1077 | D:2      | Reached skill level 1 in Armour
  1082 | D:2      | Reached XP level 3. HP: 25/27 MP: 8/8
  1173 | D:2      | Reached skill level 1 in Fighting
  1366 | D:2      | Learned a level 2 spell: Blink
  1488 | D:2      | Found a shimmering altar of Xom.
  1633 | D:2      | Reached skill level 4 in Conjurations
  1735 | D:2      | Reached XP level 4. HP: 35/35 MP: 4/10
  2180 | D:3      | Reached skill level 1 in Translocations
  2180 | D:3      | Reached XP level 5. HP: 34/40 MP: 4/11
  2292 | D:3      | Found a snail-covered altar of Cheibriados.
  2508 | D:3      | Found a broken altar of Ashenzari.
  3142 | D:4      | Noticed a two-headed ogre
  3157 | D:3      | Killed a two-headed ogre
  3158 | D:3      | Reached XP level 6. HP: 33/51 MP: 1/14
  3158 | D:3      | Reached XP level 7. HP: 37/57 MP: 1/15
  3297 | D:4      | Reached skill level 5 in Conjurations
  3303 | D:4      | Found a staircase to the Ecumenical Temple.
  3444 | D:4      | Learned a level 3 spell: Mephitic Cloud
  3561 | D:4      | Learned a level 3 spell: Conjure Flame
  3876 | D:4      | Found an ornate altar of the Wu Jian Council.
  3941 | D:5      | Entered Level 5 of the Dungeon
  4469 | D:5      | Reached XP level 8. HP: 62/63 MP: 12/17
  4530 | D:5      | Found a runed translucent gate.
  4530 | D:5      | Found a runed translucent gate.
  4531 | D:5      | Found a runed translucent gate.
  4583 | D:5      | Noticed Menkaure
  4596 | D:5      | Killed Menkaure
  4597 | D:5      | Reached skill level 1 in Poison Magic
  4764 | D:5      | Reached skill level 1 in Fire Magic
  4764 | D:5      | Reached skill level 1 in Air Magic
  4898 | D:5      | Noticed Sigmund
  4905 | D:5      | Killed Sigmund
  5189 | D:5      | Noticed kelmiir's ghost (novice GnWn)
  5192 | D:5      | Found a roughly hewn altar of Beogh.
  5229 | D:6      | Noticed Dowan
  5232 | D:6      | Noticed Duvessa
  5312 | D:6      | Killed Duvessa
  5316 | D:6      | Killed Dowan
  5510 | D:6      | Found the +18 shield of the Gong {rElec rN+ Will+ EV-5}
  5585 | D:6      | Found a sparkling altar of Nemelex Xobeh.
  5927 | D:7      | Noticed Prince Ribbit
  5957 | D:7      | Killed Prince Ribbit
  5958 | D:7      | Reached skill level 1 in Shields
  5958 | D:7      | Reached XP level 9. HP: 52/71 MP: 2/19
  5962 | D:7      | Found a flagged portal.
  5985 | Bailey   | Entered a bailey
  6160 | Bailey   | Noticed an orc knight
  6182 | Bailey   | Killed an orc knight
  6373 | Bailey   | Found an iron altar of Okawaru.
  6373 | Bailey   | Noticed a kobold demonologist
  6373 | Bailey   | Noticed an orc high priest
  6392 | Bailey   | Noticed a rust devil
  6392 | Bailey   | Noticed a rust devil
  6395 | Bailey   | Noticed an orange demon
  6404 | Bailey   | Killed an orc high priest
  6405 | Bailey   | Reached skill level 6 in Conjurations
  6412 | Bailey   | Killed from afar by an electric eel

Illustrated notes

Levels and vault maps discovered:
D:1:      saegor_arrival_simple_d, layout_basic, chequers_decorated_corner,
          st_stairs_14, minmay_tromino_i4
D:2:      cheibrodos_old_hovel, layout_rooms, marbit_many_paths
D:3:      layout_basic, lemuel_doored_altar, overflow_temple_1_default,
          cheibrodos_gnoll_hut
D:4:      layout_rooms, overflow_temple_1_default
D:5:      layout_loops_ring, biasface_ghost_orc_armoury, uniq_sigmund,
          uniq_menkaure
D:6:      layout_rooms, nicolae_overflow_crystal_walls, uniq_duvessa
D:7:      layout_rooms, zin_scriptorium, elyvilon_altar_5, enter_bailey_2,
          gammafunk_ghost_stat_death, nemelex_xobeh_ov_fountains_minmay,
          uniq_prince_ribbit1
Bailey:   bailey_axe_of_yendor_kennysheep, bailey

Skill      XL: |  1  2  3  4  5  6  7  8  9 |
---------------+----------------------------+-----
Dodging        | 2 3 4 |  4.9
Spellcasting   | 2 3 4 |  4.7
Armour         | 1 3 4 |  4.5
Fighting       | 1 3 4 |  4.3
Conjurations   | 4 5 6 |  6.0
Translocations | 1 2 3 4 |  4.3
Poison Magic   | 2 |  2.8
Fire Magic     | 2 |  2.9
Air Magic      | 2 |  2.8
Shields        | 1 2 |  2.1
Stealth        | |  1.7

Action                   |  1- 3 |  4- 6 |  7- 9 || total
-------------------------+-------+-------+-------++-------
Melee: Dagger            |    74 |    76 |   221 ||   371
       Unarmed           |     2 |       |       ||     2
 Cast: Magic Dart        |    37 |    13 |       ||    50
       Searing Ray       |     3 |     6 |    19 ||    28
       Blink             |       |     1 |       ||     1
       Mephitic Cloud    |       |       |     6 ||     6
  Use: Scroll            |     8 |     5 |     6 ||    19
       Potion            |     2 |       |     2 ||     4
 Stab: Sleeping          |     2 |     3 |     1 ||     6
       Distracted        |       |       |     1 ||     1
       Confused          |       |       |     1 ||     1
Armor: Robe              |    28 |    27 |    60 ||   115
Dodge: Dodged            |    57 |    76 |   235 ||   368
